 Dungeon Crawl Stone Soup version 0.21-a0-634-gaf8bc5d (webtiles) character file.

767 mortelune the Poker (level 7, -4/54 HPs)
             Began as a Merfolk Skald on Dec 30, 2017.
             Was an Initiate of Yredelemnul.
             Slain by Monsterracer's ghost (18 damage)
             ... on level 5 of the Dungeon.
             The game lasted 00:24:33 (7565 turns).

mortelune the Poker (Merfolk Skald)                 Turns: 7565, Time: 00:24:34

Health: -4/54      AC:  9    Str: 14    XL:     7   Next: 82%
Magic:  10/10      EV: 13    Int: 12    God:    Yredelemnul [......]
Gold:   89         SH:  0    Dex: 13    Spells: 5/10 levels left

rFire    + . .     SeeInvis .   l - +0 halberd
rCold    . . .     Gourm    .   (shield currently unavailable)
rNeg     . . .     Faith    .   o - +2 ring mail {rF+}
rPois    .         Spirit   .   y - +1 helmet
rElec    .         Reflect  .   (no cloak)
rCorr    .         Harm     .   (no gloves)
MR       .....                  (no boots)
Stlth    +.........             (no amulet)
HPRegen  0.18/turn              (no ring)
MPRegen  0.12/turn              (no ring)

@: no status effects
A: change form in water, swift swim, stealthy swim
a: Renounce Religion


You were on level 5 of the Dungeon.
You worshipped Yredelemnul.
Yredelemnul was noncommittal.
You were not hungry.

You visited 2 branches of the dungeon, and saw 6 of its levels.

You collected 89 gold pieces.

Inventory:

Hand Weapons
 a - a +0 spear
 j - a +0 blowgun
 l - a +0 halberd (weapon)
Missiles
 u - 8 curare-tipped needles
Armour
 b - a +0 leather armour
 e - a +0 ring mail
 o - a +2 ring mail of fire resistance (worn)
 y - a +1 helmet (worn)
 z - the +5 robe of Whack-A-Mole {Regen+, unknown}
   (You found it on level 4 of the Dungeon)

   It increases your rate of regeneration.
Jewellery
 x - an uncursed amulet of faith {unknown}
Wands
 s - a wand of digging (12)
Scrolls
 h - a scroll of magic mapping
 i - a scroll of teleportation
 m - a scroll of blinking {unknown}
 q - a scroll of enchant armour {unknown}
 t - a scroll of enchant weapon {unknown}
 w - a scroll of amnesia {unknown}
 A - a scroll of remove curse {unknown}
Potions
 f - a potion of might
 g - a potion of invisibility
 k - a potion of brilliance {unknown}
 n - a potion of flight {unknown}
 p - 3 potions of mutation
Books
 c - a book of Battle

   Spells                             Type                      Level
   a - Infusion                       Charms                       1
   b - Shroud of Golubria             Charms/Translocation         2
   c - Song of Slaying                Charms                       2
   d - Spectral Weapon                Hexes/Charms                 3
   e - Regeneration                   Charms/Necromancy            3
 r - a book of Minor Magic

   Spells                             Type                      Level
   a - Magic Dart                     Conjuration                  1
   b - Blink                          Translocation                2
   c - Call Imp                       Summoning                    2
   d - Slow                           Hexes                        2
   e - Conjure Flame                  Conjuration/Fire             3
   f - Mephitic Cloud                 Conjuration/Poison/Air       3
 v - a book of Maledictions

   Spells                             Type                      Level
   a - Corona                         Hexes                        1
   b - Ensorcelled Hibernation        Hexes/Ice                    2
   c - Confuse                        Hexes                        3
   d - Tukima's Dance                 Hexes                        3
   e - Dazzling Spray                 Conjuration/Hexes            3
Comestibles
 d - 6 rations


   Skills:
 + Level 4.2 Fighting
 * Level 7.7 Polearms
 - Level 0.6 Armour
 + Level 5.2 Dodging
 - Level 2.1 Spellcasting
 * Level 6.0 Charms


You had 5 spell levels left.
You knew the following spells:

 Your Spells              Type           Power        Failure   Level  Hunger
a - Infusion              Chrm           ###.         4%          1    ##.....
b - Song of Slaying       Chrm           ###.....     7%          2    ###....
c - Shroud of Golubria    Chrm/Tloc      #.........   24%         2    ###....


Dungeon Overview and Level Annotations

Branches:
Dungeon (5/15)             Temple (1/1) D:4

Altars:
Ashenzari
Cheibriados
Dithmenos
Elyvilon
Fedhas
Gozag
Hepliaklqana
Kikubaaqudgha
Makhleb
Nemelex Xobeh
Okawaru
Qazlal
Ru
Sif Muna
Trog
Uskayaw
Vehumet
Wu Jian
Xom
Yredelemnul
Zin
The Shining One

Shops:
D:4 }

Annotations:
D:2 Sigmund
D:5 Monsterracer's ghost, veteran MiFE


Message History

Yredelemnul accepts your kill.
Your Charms skill increases to level 6!
You start resting.
Monsterracer's ghost (veteran Minotaur Fire Elementalist) comes into view.
It is wielding a vampiric weapon.
There is a stone staircase leading up here.
You climb upwards.
There is a stone staircase leading down here.
You start resting.
You are near starving!
You start resting.
HP restored.
You eat one of the 7 rations.
That ration really hit the spot!
You climb downwards.
Level annotation: Monsterracer's ghost, veteran MiFE Monsterracer's ghost hits you!
Monsterracer's ghost hits you!!
Ouch! That really hurt!
* * * LOW HITPOINT WARNING * * *
There is a stone staircase leading up, spattered with blood here.
Monsterracer's ghost hits you!!
You die...
Your body rises from the dead as a mindless zombie.

.. .. ## #.
#.####.
.......####
..........###
.......†.W..##
..........@..##
..............##
#..............#
........†P≈.≈..#
##......♣≈≈.P♣.#
##....♣≈PP.≈≈P#
##...♣≈≈≈.≈≈≈≈#
##..♣≈P≈.P≈≈≈#
##.P≈≈P.≈P≈≈#


You could see Monsterracer's ghost.

Vanquished Creatures
  The ghost of soepske the Insei, an amateur GnTm (D:4)
  A phantom (D:4)
  A howler monkey (D:4)
  A bullfrog zombie (D:5)
  2 bullfrog skeletons (D:4)
  An orc priest (D:3)
  An iguana (D:4)
  4 orc wizards (D:3)
  2 worker ants (D:5)
  Robin (D:3)
  6 gnolls
  4 adders
  2 oozes
  2 worms
  A dart slug (D:1)
  12 orcs (D:3)
  A ball python (D:1)
  4 giant cockroaches
  19 goblins
  8 hobgoblins
  A quokka (D:2)
  9 bats
  4 frilled lizards
  4 kobolds
  4 rats
96 creatures vanquished.

Notes
Turn   | Place    | Note
-------+----------+-------------------------------------------
     0 | D:1      | mortelune the Merfolk Skald began the quest for the Orb.
     0 | D:1      | Reached XP level 1. HP: 16/16 MP: 3/3
   580 | D:1      | Reached XP level 2. HP: 20/22 MP: 5/5
   584 | D:1      | Learned a level 2 spell: Song of Slaying
   587 | D:1      | Learned a level 2 spell: Shroud of Golubria
   911 | D:1      | Reached XP level 3. HP: 27/28 MP: 3/6
  1030 | D:1      | Reached skill level 4 in Polearms
  1799 | D:2      | Reached XP level 4. HP: 14/34 MP: 4/7
  2677 | D:2      | Noticed Sigmund
  3580 | D:3      | Reached skill level 5 in Polearms
  3592 | D:3      | Reached XP level 5. HP: 33/41 MP: 6/8
  4276 | D:4      | Noticed an ogre
  4315 | D:4      | Noticed soepske's ghost (amateur GnTm)
  4522 | D:4      | Noticed Robin
  5401 | D:3      | Reached XP level 6. HP: 40/47 MP: 7/9
  5518 | D:3      | Reached skill level 6 in Polearms
  5586 | D:3      | Killed Robin
  6052 | D:4      | Noticed a phantom
  6098 | D:4      | Killed a phantom
  6098 | D:4      | Reached skill level 5 in Charms
  6173 | D:4      | Reached XP level 7. HP: 40/53 MP: 8/10
  6415 | D:4      | Reached skill level 7 in Polearms
  6478 | D:4      | Found a staircase to the Ecumenical Temple.
  6480 | D:4      | Found Kamymeam's Gadget Shoppe.
  6506 | Temple   | Entered the Ecumenical Temple
  6726 | Temple   | Became a worshipper of Yredelemnul the Dark
  6752 | D:4      | Found a blossoming altar of Fedhas.
  6753 | D:4      | Found a bloodstained altar of Trog.
  6808 | D:4      | Got a distressingly furry robe
  7001 | D:4      | Found a burning altar of Makhleb.
  7037 | D:4      | Killed soepske's ghost
  7037 | D:4      | Reached skill level 5 in Dodging
  7320 | D:4      | Found a stormy altar of Qazlal.
  7320 | D:4      | Found a hide-covered altar of Uskayaw.
  7321 | D:4      | Found a glowing silver altar of Zin.
  7362 | D:5      | Entered Level 5 of the Dungeon
  7508 | D:5      | Noticed Monsterracer's ghost (veteran MiFE)
  7565 | D:5      | Slain by Monsterracer's ghost

Vault maps used:
D:1:      dpeg_arrival_arbitrary_c, serial_glass, glass_columns_b,
          glass_columns_a, minmay_hexomino_c4
D:2:      uniq_sigmund
D:3:      first_ration
D:4:      nicolae_overflow_hidden_temple, bloody_makhleb, temple_fountains,
          serial_shops, shop_statue, uniq_robin
D:5:      serial_bayou_lagoon_b
Temple:   eino_temple_rhombus

Skill      XL: |  1  2  3  4  5  6  7 |
---------------+----------------------+-----
Dodging        | 3 4 5 |  5.2
Polearms       | 4 5 6 7 |  7.7
Charms         | 4 5 6 |  6.0
Fighting       | 3 4 |  4.2
Armour         | |  0.6
Spellcasting   | |  2.1

Action                   |  1- 3 |  4- 6 |  7- 9 || total
-------------------------+-------+-------+-------++-------
Melee: Spear             |   131 |   390 |    62 ||   583
       Halberd           |       |       |    30 ||    30
 Cast: Infusion          |     2 |     3 |     1 ||     6
       Song of Slaying   |     3 |     5 |     1 ||     9
       Shroud of Golubri |     3 |    13 |     1 ||    17
  Use: Potion            |     2 |     1 |       ||     3
       Scroll            |       |       |     5 ||     5
  Eat: Chunk             |     3 |    13 |       ||    16
       Ration            |       |     1 |     2 ||     3
Armor: Ring mail         |    45 |   168 |    30 ||   243
       Leather armour    |     3 |       |       ||     3
Dodge: Dodged            |    85 |   254 |    44 ||   383

Table legend:
 A = Spawn XP
 B = Non-spawn XP
 C = Spawn XP percentage of total XP
 D = Spawn monster count
 E = Non-spawn monster count
 F = Spawn count percentage of total count
 G = Total turns spent on level
                    A         B        C        D         E        F      G
               +---------+---------+-------+---------+---------+-------+---------
         Total |       0 |    1096 |   0.0 |       0 |      96 |   0.0 |  7565
               +---------+---------+-------+---------+---------+-------+---------
           D:1 |       0 |      53 |   0.0 |       0 |      28 |   0.0 |  1515
           D:2 |       0 |      45 |   0.0 |       0 |      11 |   0.0 |  1635
           D:3 |       0 |     336 |   0.0 |       0 |      42 |   0.0 |  2773
           D:4 |       0 |     549 |   0.0 |       0 |      12 |   0.0 |  1258
           D:5 |       0 |     113 |   0.0 |       0 |       3 |   0.0 |   151
               +---------+---------+-------+---------+---------+-------+---------
